 Dungeon Crawl Stone Soup version 0.31-a0-845-g9abc20d24f (webtiles) character file.

Game seed: 8641706440806792605

257714 Dirtsage the Severer (level 19, -5/173 HPs)
             Began as a Minotaur Fighter on Oct 2, 2023.
             Was a High Priest of Okawaru.
             Killed from afar by an ironbound frostheart (40 damage)
             ... by creeping frost
             ... on level 2 of the Vaults.
             The game lasted 01:17:34 (39922 turns).

Dirtsage the Severer (Minotaur Fighter)            Turns: 39922, Time: 01:17:35

Health: -5/173     AC: 33    Str: 34    XL:     19   Next: 10%
Magic:  24/28      EV: 12    Int:  7    God:    Okawaru [*****.]
Gold:   1872       SH: 20    Dex: 14    Spells: 18/18 levels left

rFire   + + +        V - +3 broad axe (heavy)
rCold   . . .        c - +2 kite shield {AC+3}
rNeg    . . .        a - +1 crystal plate armour
rPois   +            (helmet restricted)
rElec   .            m - +1 cloak {Will+}
rCorr   +            s - +0 pair of gloves
SInv    .            P - +0 pair of boots {rampage}
Will    ++...        x - amulet of reflection Stlth
                     R - ring "Voplufywk" {Fly rF+++ rCorr Str+5 Int-2}
HPRegen 0.48/turn    L - ring "Nawao" {rPois rF+ Str+6 Int+2}
MPRegen 0.21/turn

%: reflection, rampage
@: about to teleport, finesse-ful, marked, frozen, flying, very slow
A: horns 2, retaliatory headbutt
}: 2/15 runes: decaying, serpentine
a: Renounce Religion, Heroism, Finesse, Duel


You were on level 2 of the Vaults.
You worshipped Okawaru.
Okawaru was extremely pleased with you.
You visited 7 branches of the dungeon, and saw 33 of its levels.
You also visited: Ossuary.

You collected 3724 gold pieces.
You spent 1852 gold pieces at shops.

Inventory:

Hand Weapons
 A - a +4 broad axe of flaming
 V - a +3 heavy broad axe (weapon)
Missiles
 b - 16 silver javelins
 r - 2 throwing nets
 N - 37 boomerangs (quivered)
 U - 8 curare-tipped darts
Armour
 a - a +1 crystal plate armour (worn)
 c - a +2 kite shield of protection (worn)
 m - a +1 cloak of willpower (worn)
 s - a +0 pair of gloves (worn)
 P - a +0 pair of boots of rampaging (worn)
Jewellery
 e - the ring of the Snail {+Blink rN+ Will- Int+4 SInv}
   (You found it on level 3 of the Swamp)

   [ring of positive energy]

   Int+4:     It affects your intelligence (+4).
   rN+:       It protects you from negative energy.
   Will-:     It decreases your willpower.
   SInv:      It lets you see invisible.
   +Blink:    It lets you blink.
 x - an amulet of reflection (around neck)
 K - an amulet of regeneration
 L - the ring "Nawao" (right hand) {rPois rF+ Str+6 Int+2}
   (You took it off a centaur on level 14 of the Dungeon)

   [ring of strength]

   Str+6:     It affects your strength (+6).
   Int+2:     It affects your intelligence (+2).
   rF+:       It protects you from fire.
   rPois:     It protects you from poison
 R - the ring "Voplufywk" (left hand) {Fly rF+++ rCorr Str+5 Int-2}
   (You bought it in a shop on level 6 of the Dungeon)

   [ring of resist corrosion]

   Str+5:     It affects your strength (+5).
   Int-2:     It affects your intelligence (-2).
   rF+++:     It renders you almost immune to fire.
   Fly:       It grants you flight.
   rCorr:     It protects you from acid and corrosion.
 W - the ring "Epuipneb" {Will+ Str+2 Int+3}
   (You found it on level 5 of the Lair of Beasts)

   [ring of willpower]

   Str+2:     It affects your strength (+2).
   Int+3:     It affects your intelligence (+3).
   Will+:     It increases your willpower.
Wands
 u - a wand of mindburst (4)
 y - a wand of acid (7)
 D - a wand of digging (17)
 X - a wand of roots (25)
Scrolls
 g - 8 scrolls of fear
 i - a scroll of butterflies
 k - 5 scrolls of revelation
 t - 6 scrolls of teleportation
 w - 5 scrolls of fog
 z - 5 scrolls of brand weapon
 B - a scroll of blinking
 C - 3 scrolls of noise
 H - 4 scrolls of immolation
 I - 4 scrolls of torment
 J - 2 scrolls of vulnerability
 M - 5 scrolls of poison
 Q - a scroll of enchant armour
 Y - a scroll of silence
Potions
 d - 4 potions of might
 f - 3 potions of ambrosia
 h - 14 potions of haste
 l - 5 potions of heal wounds
 n - 3 potions of resistance
 o - 2 potions of mutation
 p - a potion of cancellation
 q - 10 potions of curing
 v - 3 potions of brilliance
 E - 4 potions of enlightenment
 G - 3 potions of lignification
 O - 6 potions of attraction
 S - 2 potions of berserk rage
 Z - 2 potions of invisibility
Miscellaneous
 j - a phantom mirror
 F - a condenser vane
 T - a lightning rod (4/4)


   Skills:
 + Level 16.3 Fighting
 + Level 19.3 Axes
 + Level 10.1 Throwing
 - Level 15.0 Armour
 + Level 14.0 Dodging
 - Level 13.8 Shields
 + Level 14.2 Invocations
 + Level 10.6 Evocations


You had 18 spell levels left.
You didn't know any spells.
Your spell library contained the following spells:

 Spells                   Type           Power      Damage    Failure   Level
 Apportation              Tloc           0%         N/A       100%        1
 Freeze                   Ice            0%         1d3       100%        1
 Magic Dart               Conj           0%         1d3       100%        1
 Necrotise                Necr           0%         1d4       100%        1
 Slow                     Hex            0%         N/A       100%        1
 Blink                    Tloc           0%         N/A       100%        2
 Cigotuvi's Dreadful Rot  Necr/Pois/Air  0%         N/A       100%        2
 Lesser Beckoning         Tloc           0%         N/A       100%        2
 Momentum Strike          Conj/Tloc      0%         3d8       100%        2
 Static Discharge         Conj/Air       0%         2-2/arc   100%        2
 Sublimation of Blood     Necr           0%         N/A       100%        2
 Wereblood                Tmut           0%         N/A       100%        2
 Confusing Touch          Hex            0%         N/A       100%        3
 Frozen Ramparts          Ice            0%         1d1       100%        3
 Hailstorm                Conj/Ice       0%         3d3       100%        3
 Ignite Poison            Fire/Tmut/Pois 0%         N/A       100%        3
 Mephitic Cloud           Conj/Pois/Air  0%         N/A       100%        3
 Sigil of Binding         Hex            0%         N/A       100%        3
 Vampiric Draining        Necr           0%         2d6       100%        3
 Volatile Blastmotes      Fire/Tloc      0%         2d10      100%        3
 Airstrike                Air            0%         2d(0-16)  100%        4
 Dispel Undead            Necr           0%         3d6       100%        4
 Fulminant Prism          Conj/Hex       0%         3d5       100%        4
 Iskenderun's Mystic Bla  Conj/Tloc      0%         2d3       100%        4
 Sticky Flame             Conj/Fire      0%         2d3       100%        4
 Agony                    Necr           0%         N/A       100%        5
 Freezing Cloud           Conj/Ice/Air   0%         6-21      100%        5
 Ignition                 Fire           0%         3d3       100%        8
 Summon Small Mammal      Summ           Unusable   N/A       N/A         1
 Call Imp                 Summ           Unusable   N/A       N/A         2
 Summon Lightning Spire   Summ/Air       Unusable   N/A       N/A         4
 Death Channel            Necr           Unusable   N/A       N/A         6
 Summon Hydra             Summ           Unusable   N/A       N/A         7

Dungeon Overview and Level Annotations

Branches:
Dungeon (15/15)            Temple (1/1) D:4            Lair (5/5) D:9
  Swamp (4/4) Lair:2        Snake (4/4) Lair:3        Slime (0/5) Lair:4
    Orc (2/2) D:10            Elf (0/3) Orc:2        Vaults (2/5) D:13
  Crypt (0/3) Vaults:2     Depths (0/4) D:15        Ossuary (visited)

Altars:
Ashenzari
Cheibriados
Dithmenos
Elyvilon
Fedhas
Gozag
Hepliaklqana
Kikubaaqudgha
Makhleb
Nemelex Xobeh
Okawaru
Qazlal
Ru
Sif Muna
Trog
Uskayaw
Vehumet
Wu Jian
Xom
Yredelemnul
Zin
The Shining One
Jiyva

Shops:
D:1 [   D:6 =   D:9 **   D:12 [   D:13 =   Orc:1 (*   Orc:2 ([=!*   Snake:2 (
Snake:3 [

Portals:
Abyss: D:7
Trove: D:13 (show slimy rune of Zot)

Annotations:
D:7 2 transporters, Lugonue's ghost, novice DgEE
D:9 2 transporters, Vorhees's ghost, novice DjCA
D:13 Trove slime rune


Innate Abilities, Weirdness & Mutations

You have a pair of horns on your head.
You reflexively headbutt those who attack you in melee.


Message History

You kill the deep troll!
Okawaru accepts your kill.
The jumping spider changes into a mana viper!
The wolf spider changes into a snapping turtle!
The ironbound frostheart is recalled.
The deep troll is recalled.
The ironbound frostheart is recalled.
The stone giant is recalled.
An ironbound frostheart comes into view.
The ironbound frostheart calls freezing cold from the walls.
The frost grips you!
* * * LOW HITPOINT WARNING * * *
You are encased in ice.
An ironbound frostheart comes into view.
A deep troll comes into view.
You block the deep troll's attack. The deep troll barely misses you.
The deep troll claws you but does no damage.
The stone giant throws a large rock.
You block the large rock with an invisible shield... and reflect it back!
The large rock hits the stone giant!!
A stone giant comes into view.
You take 13 damage, and have 33/173 hp.
As you read the scroll of teleportation, it crumbles to dust.
You feel strangely unstable.
The mana viper changes into a faun!
The deep troll bites you but does no damage.
The deep troll claws you but does no damage.
You block the deep troll's attack.
You block the ironbound preserver's attack.
The ironbound frostheart calls freezing cold from the walls.
The frost grips you!!
* * * LOW HITPOINT WARNING * * *
You take 26 damage, and have 7/173 hp.
You feel much better.
The snapping turtle changes into a manticore!
You block the deep troll's attack. x3
The ironbound convoker casts a spell at the stone giant.
The stone giant seems to grow stronger.
The ironbound preserver gestures wildly while chanting.
The ironbound preserver begins to accept its allies' injuries.
The ironbound frostheart calls freezing cold from the walls.
The frost grips you!!!
You die...

#....# #..#
#. . #....#
#..#.#+
.#.#....#
#..#.#.
.c#....#
#.##
TH....# #
#. #....#
## #...)#
#.Op)#
#.)T@#
#...p#
#......
#.p.C....
#....p.....
#..T.......
#..##+#####
#.. .#


You could see an ironbound preserver, a stone giant (strong, sheltered), 2
ironbound frosthearts, a two-headed ogre (sheltered), 3 deep trolls, a faun
shaped shifter (sheltered), a manticore shaped shifter (sheltered) and an
ironbound convoker (sheltered, catching breath).

Vanquished Creatures
  the Lernaean hydra (Swamp:4)
  Vashnia (Snake:3)
  A bone dragon (Vaults:2)
  Jorgrun (Orc:2)
  Mlioglotl (Snake:2)
  A titan (Vaults:1)
  Kirke (Swamp:4)
  Aizul (Snake:1)
  A storm dragon (D:14)
  A fire giant (D:15)
  4 nagarajas (Snake:4)
  A fenstrider witch (Swamp:4)
  2 vault wardens (Vaults:2)
  2 orc warlords
  A formless jellyfish (Vaults:1)
  4 ironbound thunderhulks (Vaults:1)
  2 ironbound preservers (Vaults:1)
  A caustic shrike skeleton (D:15)
  Nessos (D:12)
  6 dire elephants (Vaults:1)
  6 eleionomae
  6 bunyips
  An ettin (D:14)
  A shambling mangrove (Swamp:2)
  3 great orbs of eyes
  5 yaktaur captains (Vaults:1)
  An entropy weaver (Vaults:1)
  Fannar (Lair:3)
  17 hydras
  4 ghost crabs
  4 vault guards (D:13)
  2 catoblepae
  4 salamander tyrants (Snake:4)
  An ironbound frostheart (Vaults:1)
  A peacekeeper (Vaults:1)
  10 alligators
  7 anacondas
  Erolcha (Orc:2)
  2 ogre magi (Orc:2)
  4 boulder beetles
  11 death yaks
  4 two-headed ogres
  9 centaur warriors
  Urug (Orc:2)
  2 tengu warriors (D:13)
  A deep troll shaman (Lair:5)
  18 naga warriors
  A vampire mage (D:15)
  13 naga sharpshooters
  10 shock serpents
  5 salamander mystics
  Lodul (D:12)
  A fire crab (D:14)
  A death drake (Swamp:2)
  5 skeletal warriors
  A spriggan druid (Swamp:1)
  A flayed ghost (D:14)
  A skyshark (Lair:3)
  15 bog bodies
  9 goliath frogs
  2 naga ritualists
  12 swamp dragons
  2 deep trolls (Vaults:2)
  3 ironbound convokers (Vaults:1)
  3 lindwurms
  3 wizards
  5 orc knights
  3 harpies (Vaults:1)
  A phantasmal warrior (D:14)
  9 mana vipers
  A necromancer (D:15)
  Pikel (D:4)
  A wolf spider (D:14)
  7 orc sorcerers (Orc:2)
  4 deep elf pyromancers
  A frost giant zombie (D:15)
  22 ugly things
  5 will-o-the-wisps
  3 manticores
  A frost giant skeleton (D:15)
  17 salamanders
  3 guardian serpents
  7 cyclopes
  34 elephants
  15 naga magi
  5 vault sentinels
  19 black mambas
  Maurice (D:12)
  10 cane toads
  6 gargoyles
  4 torpor snails
  Jeremiah (Lair:1)
  An unseen horror (D:11)
  4 komodo dragons
  A rime drake (Lair:2)
  2 efreet
  15 yaktaurs
  3 tengu conjurers
  9 hornets
  11 trolls
  A bloated husk (Swamp:1)
  A merfolk (shapeshifter) (Vaults:2)
  A polar bear (shapeshifter) (D:15)
  7 tyrant leeches
  4 polar bears
  A raiju (shapeshifter) (D:14)
  23 blink frogs
  5 dream sheep (Lair:4)
  Grinder (D:4)
  A spriggan (shapeshifter) (D:15)
  5 water elementals (D:14)
  8 spriggans
  11 slime creatures
  3 wyverns
  35 yaks
  A hog (Swamp:4)
  4 humans (Swamp:4)
  3 wraiths
  2 vampires
  2 steam dragons
  8 vampire mosquitoes
  3 basilisks
  2 redbacks (Vaults:1)
  An elf simulacrum (Vaults:1)
  3 wargs
  38 nagas
  20 swamp worms
  3 acid dragons
  15 water moccasins
  A tengu zombie (D:15)
  20 orc warriors
  A sky beast (D:7)
  8 swamp drakes
  8 ogres
  2 black bears
  16 wolves
  3 boggarts
  7 centaurs
  A lemure (D:4)
  A phantom (D:5)
  A kobold brigand (D:8)
  8 bullfrogs
  12 scorpions
  A gnoll sergeant (D:12)
  3 wights (D:10)
  11 killer bees
  4 electric eels (D:9)
  3 howler monkeys
  A centaur zombie (Ossuary)
  3 human zombies (Ossuary)
  7 hounds
  2 jellies
  16 orc priests
  A gnoll bouda (D:6)
  An iguana (D:7)
  Terence (D:2)
  2 sleepcaps (D:5)
  35 orc wizards
  5 scorpion zombies (Ossuary)
  12 hell rats
  A statue (D:10)
  3 mummies (Ossuary)
  14 gnolls
  8 adders
  2 shadow imps
  A white imp (Vaults:1)
  4 ufetubi
  4 worms
  4 dart slugs
  74 orcs
  10 bats
  4 endoplasms
  4 giant cockroaches
  9 goblins
  5 hobgoblins
  2 quokkas (D:1)
  9 ball pythons
  4 frilled lizards
  3 gnoll zombies (Ossuary)
  2 hobgoblin zombies (Ossuary)
  10 kobolds
  2 orc zombies (Ossuary)
  4 rats
1074 creatures vanquished.

Vanquished Creatures (others)
  A naga ritualist (Snake:4)
  A naga mage (Snake:4)
  3 bloated husks
  A naga (Snake:4)
  A phantom (D:7)
  An orc priest (Orc:2)
  16 foxfires
24 creatures vanquished.

Grand Total: 1098 creatures vanquished

Notes
Turn   | Place    | Note
-------+----------+-------------------------------------------
     0 | D:1      | Dirtsage the Minotaur Fighter began the quest for the Orb.
     0 | D:1      | Reached XP level 1. HP: 19/19 MP: 0/0
    59 | D:1      | Reached skill level 3 in Axes
    88 | D:1      | Found Hyonesie's Antique Armour Shoppe.
   101 | D:1      | Reached XP level 2. HP: 22/26 MP: 1/1
   261 | D:1      | Reached skill level 4 in Axes
   453 | D:1      | Reached XP level 3. HP: 31/31 MP: 2/2
  1146 | D:2      | Noticed Terence
  1157 | D:2      | Killed Terence
  1158 | D:2      | Reached skill level 5 in Axes
  1158 | D:2      | Reached XP level 4. HP: 26/39 MP: 3/3
  1447 | D:2      | Found a faded altar of an unknown god.
  1894 | D:3      | Found an iron altar of Okawaru.
  1899 | D:3      | Became a worshipper of Warmaster Okawaru
  1970 | D:3      | Reached XP level 5. HP: 35/46 MP: 4/4
  2064 | D:3      | Found a bloodstained altar of Trog.
  2278 | D:3      | Reached skill level 6 in Axes
  2278 | D:3      | Reached skill level 1 in Invocations
  2280 | D:3      | Reached skill level 1 in Evocations
  2704 | D:3      | Found an ornate altar of the Wu Jian Council.
  2962 | D:4      | Reached XP level 6. HP: 52/52 MP: 6/6
  3050 | D:4      | Found a staircase to the Ecumenical Temple.
  3059 | Temple   | Entered the Ecumenical Temple
  3172 | D:4      | Reached skill level 1 in Throwing
  3262 | D:4      | Noticed Grinder
  3264 | D:4      | Paralysed by Grinder for 3 turns
  3271 | D:4      | Paralysed by Grinder for 4 turns
  3283 | D:4      | Paralysed by Grinder for 4 turns
  3289 | D:4      | Killed Grinder
  3289 | D:4      | Reached * piety under Okawaru
  3290 | D:4      | Reached skill level 7 in Axes
  3290 | D:4      | Reached XP level 7. HP: 44/60 MP: 7/7
  3632 | D:4      | Noticed Pikel
  3640 | D:4      | Killed Pikel
  3640 | D:4      | Reached ** piety under Okawaru
  3641 | D:4      | Reached skill level 5 in Fighting
  3641 | D:4      | Reached skill level 1 in Dodging
  3641 | D:4      | Reached XP level 8. HP: 55/68 MP: 7/9
  4021 | D:5      | Entered Level 5 of the Dungeon
  4036 | D:5      | Reached skill level 8 in Axes
  4090 | D:5      | Found a shimmering altar of Xom.
  4095 | D:5      | Reached *** piety under Okawaru
  4197 | D:5      | Found a sand-covered staircase.
  4206 | Ossuary  | Entered an ossuary
  4593 | Ossuary  | Reached **** piety under Okawaru
  4598 | Ossuary  | Reached skill level 5 in Shields
  4600 | Ossuary  | Reached skill level 5 in Armour
  4600 | Ossuary  | Reached XP level 9. HP: 71/75 MP: 10/10
  5487 | D:6      | Found Keru Zohu's Jewellery Emporium.
  5489 | D:6      | Found a broken altar of Ashenzari.
  5600 | D:6      | Reached skill level 9 in Axes
  6604 | D:7      | Found a transporter.
  6608 | D:7      | Found a transporter.
  6613 | D:7      | Noticed an ancient zyme
  6658 | D:7      | Found a one-way gate to the infinite horrors of the Abyss.
  6658 | D:7      | Noticed Lugonue's ghost (novice DgEE)
  7253 | D:8      | Found a snail-covered altar of Cheibriados.
  7275 | D:8      | Reached ***** piety under Okawaru
  7637 | D:8      | Found a sparkling altar of Nemelex Xobeh.
  7681 | D:8      | Reached skill level 5 in Invocations
  8337 | D:8      | Identified the +2 leather armour of the Komodo Dragon
                  | {Int+4 Dex+2}
  8807 | D:9      | Reached skill level 10 in Axes
  8807 | D:9      | Reached XP level 10. HP: 79/86 MP: 12/12
  8862 | D:9      | Received a gift from Okawaru
  8926 | D:9      | Noticed a two-headed ogre
  8934 | D:9      | Killed a two-headed ogre
  9873 | D:9      | Found a transporter.
  9874 | D:9      | Noticed Vorhees's ghost (novice DjCA)
  9888 | D:9      | Noticed a moth of wrath
  9893 | D:9      | Noticed a two-headed ogre
  9894 | D:9      | Found a transporter.
  9901 | D:9      | Killed a two-headed ogre
  9901 | D:9      | Received a gift from Okawaru
  9902 | D:9      | Reached skill level 5 in Dodging
 10058 | D:9      | Found Lasch's General Store.
 10060 | D:9      | Found Wexies's Specific Store.
 10557 | D:10     | Entered Level 10 of the Dungeon
 10563 | D:10     | Reached skill level 11 in Axes
 10566 | D:10     | Reached skill level 5 in Evocations
 10816 | D:10     | Noticed a gargoyle
 10826 | D:10     | Reached XP level 11. HP: 74/94 MP: 15/15
 11173 | D:10     | Found a staircase to the Orcish Mines.
 11358 | D:10     | Found a radiant altar of Vehumet.
 11783 | D:11     | Received a gift from Okawaru
 12316 | D:11     | Paralysed by a hornet for 2 turns
 12570 | D:11     | Noticed a two-headed ogre
 12579 | D:11     | Killed a two-headed ogre
 12579 | D:11     | Received a gift from Okawaru
 13061 | D:12     | Noticed a two-headed ogre
 13066 | D:12     | Killed a two-headed ogre
 13066 | D:12     | Reached ****** piety under Okawaru
 13067 | D:12     | Reached skill level 12 in Axes
 13067 | D:12     | Acquired a +1 crystal plate armour
 13067 | D:12     | Received a gift from Okawaru
 13068 | D:12     | Acquired a +4 broad axe of flaming
 13068 | D:12     | Received a gift from Okawaru
 13086 | D:12     | Noticed Lodul
 13089 | D:12     | Noticed Nessos
 13101 | D:12     | Killed Lodul
 13110 | D:12     | HP: 4/95 [Nessos/arrow (5)]
 13127 | D:12     | Received a gift from Okawaru
 13575 | D:9      | Found a staircase to the Lair.
 13601 | Lair:1   | Entered Level 1 of the Lair of Beasts
 13658 | Lair:1   | Reached XP level 12. HP: 94/104 MP: 17/17
 13869 | Lair:1   | Noticed Jeremiah
 13886 | Lair:1   | Killed Jeremiah
 14160 | Lair:1   | Reached skill level 13 in Axes
 14553 | Lair:2   | Found a staircase to the Swamp.
 14693 | Lair:2   | Received a gift from Okawaru
 14694 | Lair:2   | Reached skill level 10 in Fighting
 14860 | Lair:2   | Noticed an eight-headed hydra
 14868 | Lair:2   | Killed a four-headed hydra
 14967 | Lair:2   | Reached XP level 13. HP: 113/113 MP: 19/19
 15385 | Lair:3   | Noticed Fannar
 15409 | Lair:3   | Killed Fannar
 15637 | Lair:3   | Found a staircase to the Snake Pit.
 15722 | Lair:3   | Reached skill level 10 in Invocations
 15732 | Lair:3   | Received a gift from Okawaru
 15734 | Lair:3   | Reached skill level 14 in Axes
 16143 | Lair:3   | HP: 5/111 [skyshark (9)]
 16571 | Lair:4   | Received a gift from Okawaru
 17011 | Lair:4   | Reached skill level 10 in Armour
 17012 | Lair:4   | Received a gift from Okawaru
 17184 | Lair:4   | Reached skill level 10 in Shields
 17419 | Lair:4   | Found a viscous altar of Jiyva.
 17419 | Lair:4   | Found a staircase to the Slime Pits.
 17551 | Lair:5   | Entered Level 5 of the Lair of Beasts
 17644 | Lair:5   | Reached XP level 14. HP: 124/124 MP: 21/21
 17992 | Lair:5   | Received a gift from Okawaru
 17997 | Lair:5   | Reached skill level 15 in Axes
 18129 | Lair:5   | Found a snail-covered altar of Cheibriados.
 18786 | Lair:5   | Received a gift from Okawaru
 19061 | Lair:5   | Identified the ring "Epuipneb" {Will+ Str+2 Int+3}
 19457 | Orc:1    | Entered Level 1 of the Orcish Mines
 19459 | Orc:1    | Noticed an orc warlord
 19484 | Orc:1    | Killed an orc warlord
 19625 | Orc:2    | Entered Level 2 of the Orcish Mines
 19722 | Orc:2    | Noticed Jorgrun
 19732 | Orc:2    | Killed Jorgrun
 19740 | Orc:2    | Noticed Urug
 19751 | Orc:2    | Killed Urug
 19960 | Orc:2    | Found a staircase to the Elven Halls.
 20045 | Orc:2    | Found Womaexitt's Distillery.
 20117 | Orc:2    | Bought a potion of curing for 42 gold pieces
 20130 | Orc:2    | Found a radiant altar of Vehumet.
 20131 | Orc:2    | Noticed Erolcha
 20137 | Orc:2    | Killed Erolcha
 20137 | Orc:2    | Received a gift from Okawaru
 20243 | Orc:2    | Found Goxegi's Jewellery Emporium.
 20264 | Orc:2    | Found an ancient bone altar of Kikubaaqudgha.
 20356 | Orc:2    | Found Vaotei Cedd's Antique Weapon Shoppe.
 20393 | Orc:2    | Found Retihu's Antique Armour Emporium.
 20410 | Orc:2    | Bought a twisted cloak for 323 gold pieces
 20410 | Orc:2    | Identified the +2 cloak of Narrow Tender Moments {Str+2}
                  | (You bought it in a shop on level 2 of the Orcish Mines)
 20570 | Orc:2    | Found Toprago's Overcharged Wands.
 20848 | D:6      | Bought the ring "Voplufywk" {Fly rF+++ rCorr Str+5 Int-2}
                  | for 1056 gold pieces
 21183 | Orc:1    | Found Kerphyr's Assorted Antiques.
 21399 | Orc:1    | Found Cool's Weapon Emporium.
 21629 | D:12     | Noticed Maurice
 21637 | D:12     | Killed Maurice
 21852 | D:12     | Killed Nessos
 21967 | D:12     | Found Heta's Armour Boutique.
 21975 | D:12     | Bought a +0 pair of boots of rampaging for 184 gold pieces
 22028 | D:12     | Received a gift from Okawaru
 22259 | D:12     | Reached skill level 16 in Axes
 22321 | D:12     | Reached XP level 15. HP: 80/132 MP: 23/23
 23116 | D:13     | Found a gate to the Vaults.
 23120 | D:13     | Received a gift from Okawaru
 23298 | D:13     | Found Xetsaq's Jewellery Shop.
 23432 | D:13     | Found a portal to a secret trove of treasure.
 23764 | D:14     | Received a gift from Okawaru
 24080 | D:14     | Reached skill level 10 in Dodging
 24668 | D:14     | Identified the +2 scale mail "Myprih" {Str+2 Dex+2}
 24901 | D:14     | Received a gift from Okawaru
 24955 | D:14     | You are sucked into a shaft and drop 1 floor!
 24955 | D:15     | Entered Level 15 of the Dungeon
 25009 | D:15     | Found a staircase to the Depths.
 25059 | D:15     | Reached skill level 17 in Axes
 25299 | D:15     | Noticed a fire giant
 25354 | D:15     | Killed a fire giant
 25521 | D:15     | Received a gift from Okawaru
 25806 | D:14     | Noticed a storm dragon
 25818 | D:14     | Killed a storm dragon
 25954 | D:14     | Identified the ring "Nawao" {rPois rF+ Str+6 Int+2}
 26417 | Swamp:1  | Entered Level 1 of the Swamp
 26470 | Swamp:1  | Reached XP level 16. HP: 14/141 MP: 24/24
 26931 | Swamp:1  | Received a gift from Okawaru
 27125 | Swamp:1  | Reached skill level 5 in Throwing
 27985 | Swamp:2  | Found a glowing silver altar of Zin.
 28362 | Swamp:2  | Received a gift from Okawaru
 28407 | Swamp:2  | Reached skill level 18 in Axes
 29099 | Swamp:3  | Identified the ring of the Snail {+Blink rN+ Will- Int+4
                  | SInv}
 29350 | Swamp:3  | Received a gift from Okawaru
 29477 | Swamp:3  | Saving game... please wait.
 29733 | Swamp:4  | Entered Level 4 of the Swamp
 29897 | Swamp:4  | Noticed Kirke
 29917 | Swamp:4  | Noticed a sphinx
 29936 | Swamp:4  | Noticed a sphinx
 30025 | Swamp:4  | Killed Kirke
 30388 | Swamp:4  | Noticed the 27-headed Lernaean hydra
 30402 | Swamp:4  | Killed the 21-headed Lernaean hydra
 30402 | Swamp:4  | Received a gift from Okawaru
 30403 | Swamp:4  | Reached XP level 17. HP: 89/152 MP: 17/25
 31074 | Swamp:4  | Received a gift from Okawaru
 31191 | Swamp:4  | Got a decaying rune of Zot
 31588 | Snake:1  | Entered Level 1 of the Snake Pit
 31971 | Snake:1  | Noticed Aizul
 31986 | Snake:1  | Killed Aizul
 32775 | Snake:2  | Received a gift from Okawaru
 32825 | Snake:2  | Noticed Mlioglotl
 32836 | Snake:2  | Killed Mlioglotl
 33177 | Snake:2  | Found a hazy altar of Hepliaklqana.
 33188 | Snake:2  | Reached skill level 15 in Fighting
 33605 | Snake:2  | Found Vurowutuur's Antique Weapon Shop.
 34097 | Snake:2  | Received a gift from Okawaru
 34323 | Snake:3  | Noticed Vashnia
 34339 | Snake:3  | Killed Vashnia
 34622 | Snake:3  | Found Ryupnust's Armour Boutique.
 34631 | Snake:3  | Bought a +1 cloak of willpower for 247 gold pieces
 35173 | Snake:4  | Entered Level 4 of the Snake Pit
 35330 | Snake:4  | Received a gift from Okawaru
 35336 | Snake:4  | Reached XP level 18. HP: 163/163 MP: 27/27
 36497 | Snake:4  | Received a gift from Okawaru
 36765 | Snake:4  | Identified the +0 scale mail "Coyfahia" {+Blink rC+ Str+3}
 36893 | Snake:4  | Got a serpentine rune of Zot
 37181 | Snake:4  | Reached skill level 10 in Evocations
 37579 | Vaults:1 | Entered Level 1 of the Vaults
 37585 | Vaults:1 | Reached skill level 15 in Armour
 37858 | Vaults:1 | Received a gift from Okawaru
 37893 | Vaults:1 | You are sucked into a shaft and drop 1 floor!
 37893 | Vaults:2 | Found a staircase to the Crypt.
 37894 | Vaults:2 | Noticed a bone dragon
 37909 | Vaults:2 | Killed a bone dragon
 38089 | Vaults:1 | Reached skill level 19 in Axes
 38566 | Vaults:1 | Paralysed by a formless jellyfish for 1 turns
 38662 | Vaults:1 | Received a gift from Okawaru
 39041 | Vaults:1 | HP: 5/162 [ironbound thunderhulk/bolt of lightning (37)]
 39736 | Vaults:2 | Reached skill level 10 in Throwing
 39737 | Vaults:2 | Reached XP level 19. HP: 160/172 MP: 28/28
 39914 | Vaults:2 | Received a gift from Okawaru
 39921 | Vaults:2 | HP: 7/173 [ironbound frostheart/creeping frost (26)]
 39922 | Vaults:2 | Killed from afar by an ironbound frostheart

Illustrated notes

Levels and vault maps discovered:
D:1:      onia_arrival_mini_maze_b, layout_rooms, serial_shops, shop
D:2:      minmay_angry_zag, layout_basic, serial_curves, eino_curves_02,
          eino_curves_03, eino_curves_01, chequers_ecumenical_altar_twisty,
          kennysheep_generic_room_11, uniq_terence
D:3:      layout_loops_corners, hellmonk_okawaru_the_only_friend_you_need,
          trog_hazing_becter, mainiacjoe_overflow_brackets
D:4:      layout_cave_pods, minmay_temple_entry_hall,
          kennysheep_generic_room_14, uniq_grinder, uniq_pikel
D:5:      layout_cave_pools, mainiacjoe_overflow_alcove_1,
          chequers_ossuary_entry_cave, serial_co_window_serial,
          co_window_corner_a, co_window_of_opportunity_a, co_window_paths_a,
          co_window_paths_a, co_window_paths_a, co_window_cross_4,
          co_window_corner_cb, co_window_of_opportunity_b, co_window_paths_e,
          co_window_4corner_b, glass_columns_b
D:6:      layout_basic, mainiacjoe_overflow_tiny_flanked, serial_shops,
          nicolae_shop_temple_entry_statues_fountains, minmay_misc_feat_room
D:7:      layout_basic, gammafunk_ghost_abyssal_escape
D:8:      layout_gridville, slow_altar_1, nicolae_overflow_crystal_walls
D:9:      layout_loops_ring, erik_lair_island,
          gammafunk_ghost_berserking_beasts, nicolae_specific_store
D:10:     layout_basic, vehumet_statue, orc_0_dummy
D:11:     layout_gridville, eino_jars
D:12:     minmay_slanted_spiral_squares, layout_irregular_city, serial_shops,
          shop, nicolae_concentric_dashed_squares_wild, grunt_decor_resistance,
          uniq_nessos, uniq_lodul, uniq_maurice
D:13:     layout_basic, lightli_vaults_fourway_checkpoint, enter_trove_2,
          minmay_shop_enchanted_jewellery
D:14:     cross_vault, layout_basic, roderic_lattice_octagonal_star,
          kennysheep_generic_room_16
D:15:     gammafunk_depths_entry_grave, layout_cave_pools,
          minmay_mirror_moons_of_madness
Temple:   nicolae_temple_superstar
Lair:1:   layout_chaotic_city, serial_bayou_pond_e, grunt_megastairs_2,
          uniq_jeremiah
Lair:2:   layout_gridlike, swamp_mist_pool
Lair:3:   layout_layer_cave, minmay_snake_entry_guardpost_small, uniq_fannar
Lair:4:   layout_regular_city, dpeg_slime_entry_enclosed
Lair:5:   grunt_lair_end_beastmaster, layout_long_grid, serial_rivers,
          chequers_serial_rivers_marsh, chequers_serial_rivers_room_b,
          chequers_serial_rivers_micro_d, chequers_serial_rivers_large_b,
          chequers_serial_rivers_small_a, kennysheep_snail_temple
Swamp:1:  nicolae_swamp_long_stream, layout_falls_marsh,
          nicolae_swamp_tree_designs
Swamp:2:  layout_falls_marsh, nicolae_swamp_feature_on_the_river_bank,
          infiniplex_staircase_pool
Swamp:3:  layout_falls_marsh, evilmike_swamp_ruin_rubble_2,
          infiniplex_staircase_pool_2
Swamp:4:  grunt_swamp_rune_castle, layout_basic_swamp, swamp_pool3,
          nicolae_swamp_spooky_pond, uniq_kirke
Snake:1:  layout_rooms, uniq_aizul
Snake:2:  layout_onion, basic_altar, serial_shops, shop, nicolae_letterblocks
          [nicolae_letter_subblock, nicolae_letter_subblock,
          nicolae_letter_subblock, nicolae_letter_subblock,
          nicolae_letter_subblock, nicolae_letter_subblock,
          nicolae_letter_subblock, nicolae_letter_subblock,
          nicolae_letter_subblock, nicolae_letter_subblock,
          nicolae_letter_subblock, nicolae_letter_subblock,
          nicolae_letter_subblock, nicolae_letter_subblock,
          nicolae_letter_subblock, nicolae_letter_subblock,
          nicolae_letter_subblock, nicolae_letter_subblock,
          nicolae_letter_subblock, nicolae_letter_subblock,
          nicolae_letter_subblock, nicolae_letter_subblock,
          nicolae_letter_subblock, nicolae_letter_subblock,
          nicolae_letter_subblock], uniq_mlioglotl
Snake:3:  layout_onion_interference, serial_shops,
          nicolae_shop_pleasant_corner_grove, uniq_vashnia
Snake:4:  snake_pit, layout_misc_corridors, special_room, serial_bayou_pond_c
Orc:1:    layout_caves, serial_shops, nicolae_shop_advertising_works
          [nicolae_subvault_shop_adworks], shop
Orc:2:    kennysheep_orc_mage_school, layout_caves,
          nicolae_shop_overcharged_wands, uniq_erolcha, uniq_urug, uniq_jorgrun
Vaults:1: nicolae_vaults_sightless_eye, ontoclasm_vaults_decontamination,
          ontoclasm_vaults_gallery, nicolae_vaults_weapon_check,
          vaults_room_grunt_arrival_ludios, nicolae_vaults_stairing_the_circle,
          nicolae_vaults_mini_display_case, nicolae_vaults_network_square,
          serial_ice_g, vaults_room_semicircle, nicolae_vaults_little_ls,
          nicolae_vaults_little_squares_5, vaults_room_grid,
          ontoclasm_vaults_gateway, layout_vaults_maze
Vaults:2: nicolae_vaults_windows_and_doors_thing,
          minmay_crypt_entry_nasty_monster, nicolae_vaults_shelves_hall,
          vaults_standard_mumra_enter_the_diamond, v_misc_27,
          nicolae_vaults_specimen_jars, nicolae_vaults_loss_of_containment,
          nicolae_vaults_tetromino_Z_2, hangedman_vaults_snaps, v_misc_14,
          nicolae_vaults_layer_cake_slice, ontoclasm_vaults_hangar,
          layout_vaults_big_room, uniq_asterion, uniq_mara

Skill      XL: |  1  2  3  4  5  6  7  8  9 10 11 12 13 14 15 16 17 18 19 |
---------------+----------------------------------------------------------+-----
Axes           | 3 4 5 6 7 8 10 11 12 13 14 16 17 18 19 | 19.3
Fighting       | 4 5 6 7 8 9 10 11 12 14 15 16 | 16.3
Invocations    | 1 2 3 5 6 8 9 11 12 13 14 | 14.2
Evocations     | 1 2 3 4 5 6 7 8 9 10 | 10.6
Throwing       | 1 2 3 4 7 8 10 | 10.1
Armour         | 4 5 6 8 9 10 11 12 13 14 15 | 15.0
Dodging        | 1 2 4 5 6 7 8 9 10 11 12 13 14 | 14.0
Shields        | 4 5 6 7 8 9 10 11 12 13 | 13.8

Action                     |  1- 3 |  4- 6 |  7- 9 | 10-12 | 13-15 | 16-18 | 19-21 || total
---------------------------+-------+-------+-------+-------+-------+-------+-------++-------
  Melee: War axe           |    80 |   105 |   331 |   255 |       |       |       ||   771
         Headbutt          |    10 |    22 |    65 |   102 |   252 |   267 |     6 ||   724
         Broad axe         |       |       |       |   204 |  1022 |  1028 |    27 ||  2281
         Unarmed           |       |       |       |       |       |     6 |       ||     6
  Throw: Boomerang         |       |       |     3 |    16 |       |    10 |       ||    29
         Dart              |       |       |       |     2 |       |       |       ||     2
 Invoke: Heroism           |       |       |     1 |     6 |     9 |     3 |       ||    19
         Receive Weapon    |       |       |       |     1 |       |       |       ||     1
         Receive Armour    |       |       |       |     1 |       |       |       ||     1
         Finesse           |       |       |       |       |     3 |     9 |     1 ||    13
    Use: Scroll            |       |       |     6 |    13 |    11 |     8 |     1 ||    39
         Potion            |       |       |     1 |     5 |       |     1 |     1 ||     8
   Stab: Distracted        |       |       |       |       |     1 |       |       ||     1
 Armour: Scale mail        |    40 |       |       |       |       |       |       ||    40
         Chain mail        |    27 |    84 |   281 |   241 |       |       |       ||   633
         Crystal plate arm |       |       |       |   240 |   698 |   718 |    24 ||  1680
         Acid dragon scale |       |       |       |    21 |       |       |       ||    21
         Skin              |       |       |       |       |       |     7 |       ||     7
  Dodge: Dodged            |    38 |    33 |   130 |   224 |   258 |   300 |     8 ||   991
  Block: Buckler           |    20 |    17 |    81 |   148 |   306 |       |       ||   572
         Reflection        |       |       |       |       |    21 |   113 |     6 ||   140
         Kite shield       |       |       |       |       |   193 |   812 |    38 ||  1043
         Other             |       |       |       |       |       |     3 |       ||     3

Table legend: (Time is in decaauts)
 A = Elapsed time spent in this place.
 B = Non-inter-level travel time spent in this place.
 C = Inter-level travel time spent in this place.
 D = Time resting spent in this place.
 E = Time spent auto-exploring this place.
 F = Levels seen in this place.
 G = Mean time per level.
                   A        B        C        D        E       F      G
               +--------+--------+--------+--------+--------+-----+--------+
         Total |  39781 |  37708 |   2073 |   4001 |  28018 |  34 | 1170.0 |
       Dungeon |  18584 |  17231 |   1353 |    795 |  13995 |  15 | 1238.9 |
        Temple |      1 |      1 |      0 |      0 |      0 |   1 |    1.0 |
          Lair |   5930 |   5588 |    342 |    647 |   4041 |   5 | 1186.0 |
         Swamp |   5063 |   4924 |    139 |    629 |   3572 |   4 | 1265.8 |
     Snake Pit |   5828 |   5729 |     99 |   1461 |   3376 |   4 | 1457.0 |
  Orcish Mines |   1805 |   1684 |    121 |      0 |   1411 |   2 |  902.5 |
        Vaults |   2076 |   2060 |     16 |    469 |   1323 |   2 | 1038.0 |
       Ossuary |    489 |    489 |      0 |      0 |    297 |   1 |  489.0 |
               +--------+--------+--------+--------+--------+-----+--------+

Top non-repeatable levels by time:
     D:9: 2326 daAuts
 Snake:3: 1812 daAuts
 Swamp:4: 1786 daAuts
  Lair:5: 1754 daAuts
Vaults:1: 1705 daAuts
    D:14: 1685 daAuts
    D:12: 1628 daAuts
     D:8: 1456 daAuts
    D:11: 1395 daAuts
 Snake:4: 1385 daAuts
 Swamp:1: 1363 daAuts
 Snake:1: 1322 daAuts
 Snake:2: 1308 daAuts
     D:2: 1290 daAuts
    D:10: 1224 daAuts
